 Dungeon Crawl Stone Soup version 0.24-a0-93-ge1bfdf8 (console) character file.

Game seed: 12241792080290756832

200 Voker57 the Slasher (level 5, -5/41 HPs)
             Began as a Demonspawn Gladiator on Feb 11, 2019.
             Slain by a hippogriff (11 damage)
             ... on level 3 of the Dungeon.
             The game lasted 00:02:23 (2384 turns).

Voker57 the Slasher (Demonspawn Gladiator)          Turns: 2384, Time: 00:02:24

Health: -5/41      AC: 10    Str: 15    XL:     5   Next: 48%
Magic:  5/5        EV: 13    Int:  9    God:
Gold:   143        SH:  0    Dex: 15    Spells: 4/4 levels left

rFire    . . .     SeeInvis .   a - +0 long sword
rCold    . . .     Gourm    .   (no shield)
rNeg     . . .     Faith    .   b - +0 leather armour
rPois    .         Spirit   .   c - +0 helmet
rElec    .         Reflect  .   (no cloak)
rCorr    .         Harm     .   (no gloves)
MR       .....                  (no boots)
Stlth    +.........             (no amulet)
HPRegen  0.13/turn              (no ring)
MPRegen  0.09/turn              (no ring)

@: sanguine armour
A: powered by death 1, sanguine armour 1
a: no special abilities


You were on level 3 of the Dungeon.
You were not hungry.

You visited 1 branch of the dungeon, and saw 3 of its levels.

You collected 143 gold pieces.

Inventory:

Hand Weapons
 a - a +0 long sword (weapon)
Missiles
 d - a throwing net (quivered)
 s - 6 javelins of penetration
Armour
 b - a +0 leather armour (worn)
 c - a +0 helmet (worn)
Scrolls
 e - a scroll of identify {unknown}
 g - a scroll of fear {unknown}
 j - 2 scrolls of fog {unknown}
 k - 3 scrolls of remove curse {unknown}
 l - a scroll of enchant weapon {unknown}
 m - a scroll of blinking {unknown}
 q - a scroll of teleportation {unknown}
 v - a scroll of magic mapping {unknown}
Potions
 h - a potion of haste {unknown}
 i - 2 potions of magic {unknown}
 n - 2 potions of degeneration {unknown}
 o - a potion of resistance {unknown}
 p - a potion of might {unknown}
 r - a potion of curing {unknown}
 u - a potion of flight {unknown}
Comestibles
 f - 6 rations
 t - a chunk of flesh


   Skills:
 + Level 3.2 Fighting
 * Level 4.5 Long Blades
 - Level 1.7 Throwing
 + Level 3.6 Dodging


You had 4 spell levels left.
You didn't know any spells.
Your spell library was empty.

Dungeon Overview and Level Annotations

Branches:
Dungeon (3/15)

Altars:
Elyvilon
Yredelemnul


Innate Abilities, Weirdness & Mutations

You regenerate a little health from kills.
When seriously injured, your bleeding wounds create armour. (AC +6)


Message History

The hippogriff claws you but does no damage.
You hit the hippogriff.
The hippogriff is heavily wounded.
The hippogriff bites you. The hippogriff barely misses you. x2
The hippogriff bites you.
The hippogriff pecks you but does no damage.
The hippogriff claws you but does no damage.
You hit the hippogriff.
The hippogriff is severely wounded.
The hippogriff barely misses you. The hippogriff pecks you.
* * * LOW HITPOINT WARNING * * *
The hippogriff claws you.
* * * LOW HITPOINT WARNING * * *
Throwing (i - inventory. (/) - cycle)
d - 2 throwing nets (quivered)
Press: ? - help, Shift-Dir - straight line, f/p - hippogriff
Aim: a hippogriff (severely wounded)
You throw a throwing net.
The throwing net barely misses the hippogriff.
The hippogriff bites you!
You die...

..............#
....#########.#
.. #.# ###
##.## ..####.#
###...#
.......#
#.....#
#.######
#.#...#
(........
#.#####
#.####### #.#
#.# #@# #.# #H#
..# #.# ### #.#
.(# ###


You could see a hippogriff.

Vanquished Creatures
  A hound (D:3)
  4 gnolls (D:2)
  3 adders
  An ooze (D:1)
  3 worms (D:2)
  A dart slug (D:1)
  3 leopard geckos
  4 orcs (D:3)
  13 giant cockroaches
  10 goblins
  10 hobgoblins
  2 quokkas
  9 bats
  5 frilled lizards
  7 kobolds
  7 rats
83 creatures vanquished.

Notes
Turn   | Place    | Note
-------+----------+-------------------------------------------
     0 | D:1      | Voker57 the Demonspawn Gladiator began the quest for the
                  | Orb.
     0 | D:1      | Reached XP level 1. HP: 16/16 MP: 1/1
    60 | D:1      | Reached skill level 3 in Long Blades
    60 | D:1      | Gained mutation: You regenerate a little health from kills.
                  | [demonic ancestry]
    60 | D:1      | Reached XP level 2. HP: 20/22 MP: 2/2
   346 | D:1      | Reached XP level 3. HP: 18/28 MP: 3/3
   996 | D:2      | Gained mutation: When seriously injured, your bleeding
                  | wounds create armour. (AC +6) [demonic ancestry]
   996 | D:2      | Reached XP level 4. HP: 18/34 MP: 4/4
  1172 | D:2      | Reached skill level 4 in Long Blades
  1509 | D:2      | Found a basalt altar of Yredelemnul.
  1814 | D:2      | Reached XP level 5. HP: 38/41 MP: 5/5
  2082 | D:2      | Found a white marble altar of Elyvilon.
  2366 | D:3      | Noticed a hippogriff
  2384 | D:3      | Slain by a hippogriff

Levels and vault maps discovered:
D:1:      wander_arrival_fairy_ring, layout_rooms, serial_glass,
          glass_columns_a, glass_columns_b
D:2:      minmay_roachtagon, layout_basic, kennysheep_ying_yang,
          corexii_hall_statues_i, chequers_serial_rivers_micro_e,
          minmay_tree_intersection
D:3:      layout_loops_ring, chequers_ecumenical_altar_twisty

Skill      XL: |  1  2  3  4 |
---------------+-------------+-----
Long Blades    | 3 4 |  4.5
Dodging        | 3 |  3.6
Fighting       | 3 |  3.2
Throwing       | |  1.7

Action                   |  1- 3 |  4- 6 || total
-------------------------+-------+-------++-------
Melee: Long sword        |   131 |   101 ||   232
Throw: Throwing net      |       |     3 ||     3
 Stab: Sleeping          |       |     3 ||     3
       Held in net/web   |       |     2 ||     2
  Eat: Chunk             |       |     5 ||     5
Armor: Leather armour    |    57 |    29 ||    86
Dodge: Dodged            |   126 |    76 ||   202
       Rpst.: Long sword |    35 |    22 ||    57

Table legend:
 A = Non-vault XP
 B = Vault XP
 C = Vault XP percentage of total XP
 D = Non-vault monster count
 E = Vault monster count
 F = Vault count percentage of total count
                 A         B        C        D         E       F
            +---------+---------+-------+---------+---------+-------
      Total |     264 |      22 |   7.7 |      72 |      11 |  13.3
            +---------+---------+-------+---------+---------+-------
        D:1 |      55 |       0 |   0.0 |      29 |       0 |   0.0
        D:2 |     125 |      22 |  15.0 |      26 |      11 |  29.7
        D:3 |      84 |       0 |   0.0 |      17 |       0 |   0.0
            +---------+---------+-------+---------+---------+-------
